Arizona Coyotes vs Detroit Red Wings
Created - Thursday, March 28, 2024 at 07:26
Goals
|
| Arizona Coyotes |
3 |
1 |
1 |
0 |
3 |
6 |
| Detroit Red Wings |
2 |
1 |
2 |
0 |
1 |
5 |
|
Shots
|
| Arizona Coyotes |
14 |
11 |
15 |
1 |
3 |
41 |
| Detroit Red Wings |
15 |
11 |
9 |
0 |
2 |
35 |
|
1st period
1. Detroit Red Wings , Carter Verhaeghe 10 (Mika Zibanejad 30) at 2:47
2. Arizona Coyotes , Erik Haula 7 (James van Riemsdyk 13) at 3:42
3. Arizona Coyotes , Charlie Coyle 13 (Mats Zuccarello 24, Radko Gudas 7) at 4:31
4. Detroit Red Wings , Carter Verhaeghe 11 (Mika Zibanejad 31) at 4:43
5. Arizona Coyotes , Ondrej Palat 10 (Mason McTavish 21, Claude Giroux 21) at 6:08
Penalties :
No Penalty
2nd period
6. Detroit Red Wings , Carter Verhaeghe 12 (Mika Zibanejad 32, Kevin Shattenkirk 16) at 8:31 (PP)
7. Arizona Coyotes , Tyler Seguin 14 (Charlie Coyle 19) at 18:19
Penalties :
Shayne Gostisbehere (DET) for Hooking (Minor) at 3:38, Jani Hakanpaa (AZC) for Hooking (Minor) at 8:15, Jani Hakanpaa (AZC) for Interference (Minor) at 10:59, Philippe Myers (DET) for Roughing (Minor) at 13:27
3rd period
8. Arizona Coyotes , Mason McTavish 17 (Brayden McNabb 10, Claude Giroux 22) at 1:18
9. Detroit Red Wings , Matthew Boldy 18 (Mika Zibanejad 33, Carter Verhaeghe 21) at 5:14
10. Detroit Red Wings , Josh Bailey 7 (Alexander Barabanov 12, Arthur Kaliyev 3) at 15:11
Penalties :
Kevin Shattenkirk (DET) for High sticking (Minor) at 1:38, Anthony Deangelo (AZC) for Kneeing (Minor) at 6:18
Overtime #1
No Goal
Penalties :
No Penalty
Shootout
Arizona Coyotes, Charlie Coyle - Goal!
Detroit Red Wings, Mika Zibanejad - Goal!
Arizona Coyotes, Mats Zuccarello - Goal!
Detroit Red Wings, Steven Stamkos - Stopped by Carter Hart
Arizona Coyotes, Tyler Seguin - Goal!
Penalties :
No Penalty
Goalie Stats
Carter Hart (AZC), 30 saves from 35 shots - (0.857), W, 13-18-1, 65:00 minutes
Vitek Vanecek (DET), 36 saves from 41 shots - (0.878), OTL, 14-13-5, 65:00 minutes
Players Stats for Arizona Coyotes
Player Name G A P +/- PIM S H SB GA TA FO MP PP MP PK MP
------------------------------------------------------------------------------------
Anthony Deangelo 0 0 0 1 2 2 2 0 0 0 0/0 13:39 0:00 0:00
Brandon Tanev 0 0 0 0 0 2 2 1 0 0 0/1 7:08 0:10 0:00
Brayden McNabb 0 1 1 -2 0 2 3 1 0 0 0/0 28:30 3:08 2:13
Brock McGinn 0 0 0 0 0 1 0 0 0 0 0/0 6:25 0:00 0:00
Charlie Coyle 1 1 2 0 0 6 2 0 0 1 12/27 24:30 3:05 1:56
Claude Giroux 0 2 2 1 0 0 2 0 0 0 16/26 16:53 2:52 0:00
Erik Haula 1 0 1 0 0 3 0 0 0 0 11/16 14:54 0:00 2:02
Jakob Silfverberg 0 0 0 0 0 2 1 0 0 1 0/1 12:58 0:00 0:16
James van Riemsdyk 0 1 1 0 0 2 3 1 0 0 0/1 13:02 0:10 0:00
Jani Hakanpaa 0 0 0 2 4 0 1 1 0 0 0/0 24:21 2:49 1:02
Jared Spurgeon 0 0 0 -2 0 1 3 0 0 1 0/0 25:46 3:08 2:13
Mason McTavish 1 1 2 1 0 5 0 0 0 0 0/0 17:41 2:42 0:09
Mats Zuccarello 0 1 1 0 0 7 3 1 1 1 0/2 24:39 3:05 2:03
Matt Dumba 0 0 0 1 0 1 2 0 0 0 0/0 14:58 0:00 0:59
Ondrej Palat 1 0 1 1 0 2 1 0 1 0 0/1 16:43 2:42 0:00
Radko Gudas 0 1 1 2 0 0 2 1 1 2 0/0 22:46 2:49 2:01
Ross Colton 0 0 0 0 0 3 2 0 1 0 0/2 6:25 0:00 0:00
Tyler Seguin 1 0 1 0 0 2 2 0 0 1 2/4 24:25 3:05 2:02
Players Stats for Detroit Red Wings
Player Name G A P +/- PIM S H SB GA TA FO MP PP MP PK MP
------------------------------------------------------------------------------------
Alexander Barabanov 0 1 1 1 0 0 0 1 0 0 0/0 5:39 0:00 0:00
Anthony Cirelli 0 0 0 -3 0 0 1 2 0 0 3/11 11:46 0:00 2:49
Arthur Kaliyev 0 1 1 1 0 0 0 1 0 0 1/1 8:05 1:59 0:00
Carter Verhaeghe 3 1 4 2 0 7 3 0 0 0 0/1 18:58 2:15 0:00
Daniel Sprong 0 0 0 -3 0 5 2 1 1 0 0/0 16:18 2:16 0:28
Jared McCann 0 0 0 -1 0 2 2 0 1 0 2/2 20:22 0:00 2:42
Jonathan Huberdeau 0 0 0 -3 0 3 1 0 0 0 0/0 12:47 0:00 0:00
Jordie Benn 0 0 0 1 0 1 3 2 0 2 0/0 19:19 0:00 2:50
Josh Bailey 1 0 1 1 0 2 0 2 0 0 2/6 11:55 0:00 2:47
Kevin Shattenkirk 0 1 1 -1 2 1 2 0 0 1 0/0 29:52 1:58 1:59
MacKenzie Weegar 0 0 0 -1 0 0 2 1 1 0 0/0 30:46 1:58 2:50
Matthew Boldy 1 0 1 2 0 1 1 1 2 0 0/2 18:26 2:15 0:00
Mika Zibanejad 0 4 4 2 0 6 1 0 2 1 13/24 22:07 2:15 3:00
Patrick Kane 0 0 0 -1 0 3 0 0 0 0 0/1 19:24 1:59 0:00
Philippe Myers 0 0 0 -1 2 0 1 1 0 0 0/0 13:20 0:00 1:17
Shayne Gostisbehere 0 0 0 1 2 1 0 0 0 0 0/0 21:11 2:16 2:05
Steven Stamkos 0 0 0 -1 0 3 1 1 0 0 19/33 20:51 1:59 0:08
Zach Bogosian 0 0 0 -1 0 0 1 3 0 0 0/0 12:54 0:00 0:53
3 Stars
1 - Carter Verhaeghe (DET)
2 - Mika Zibanejad (DET)
3 - Mason McTavish (AZC)
Power Play
Arizona Coyotes - 0 on 3 Attempt(s) - 0.00%
Detroit Red Wings - 1 on 3 Attempt(s) - 33.33%
Penalty Kill
Arizona Coyotes - 2 on 3 Attempt(s) - 66.67%
- Score 0 goal in Penalty Kill
Detroit Red Wings - 3 on 3 Attempt(s) - 100.00%
- Score 0 goal in Penalty Kill
Team Stat
Arizona Coyotes - Hits : 31 - Faceoff Wins : 41 - Blocked Shots : 6 - Penalty Minutes : 6
Detroit Red Wings - Hits : 21 - Faceoff Wins : 40 - Blocked Shots : 16 - Penalty Minutes : 6
Official
Referees : Jon Mclsaac and Steve Kozari
Linesman : Lonnie Cameron and Brad Kovachik
Game Notes
1:35 of 2nd period - Arizona Coyotes goal is going for a video replay. After video review, No Goal. The puck has been directed, batted or thrown into the net by an attacking player other than with a stick.
Carter Verhaeghe has scored a Hat Trick!
Anthony Cirelli is injured at 5:55 of 3rd period (Bruised Left Leg)
Finance
Level 1 -- Attendance: 4841 (80.68%) -- Ticket Income $484,100
Level 2 -- Attendance: 3729 (74.58%) -- Ticket Income $223,740
Level 3 -- Attendance: 2188 (72.93%) -- Ticket Income $76,580
Level 4 -- Attendance: 3549 (70.98%) -- Ticket Income $88,725
Luxury Box -- Attendance: 698 (69.80%) -- Ticket Income $139,600
Game was played at the Joe Louis Arena.
Total Attendance: 15005 (75.03%)
Total Ticket Income: $1,012,745
Other Income: $354,461
Total Income: $1,367,206
Arizona Coyotes
5 vs 5 Forward
Center Left Wing Right Wing Time % Phy DF OF
1 Charlie Coyle Mats Zuccarello Tyler Seguin 35 1 2 2
2 Claude Giroux Mason McTavish Ondrej Palat 32 1 2 2
3 Erik Haula James van Riemsdyk Jakob Silfverberg 23 1 2 2
4 Ross Colton Brandon Tanev Brock McGinn 10 1 4 0
5 vs 5 Defense
Defense Defense Time % Phy DF OF
1 Jared Spurgeon Brayden McNabb 35 1 2 2
2 Jani Hakanpaa Radko Gudas 30 1 2 2
3 Anthony Deangelo Matt Dumba 25 1 2 2
4 Jani Hakanpaa Brayden McNabb 10 1 2 2
PowerPlay Forward
Center Left Wing Right Wing Time % Phy DF OF
1 Charlie Coyle Mats Zuccarello Tyler Seguin 50 1 2 2
2 Claude Giroux Mason McTavish Ondrej Palat 50 1 2 2
PowerPlay Defense
Defense Defense Time % Phy DF OF
1 Jared Spurgeon Brayden McNabb 50 1 2 2
2 Jani Hakanpaa Radko Gudas 50 1 2 2
Penalty Kill 4 Players Forward
Center Wing Time % Phy DF OF
1 Charlie Coyle Mats Zuccarello 50 0 5 0
2 Tyler Seguin Erik Haula 50 0 5 0
Penalty Kill 4 Players Defense
Defense Defense Time % Phy DF OF
1 Jared Spurgeon Brayden McNabb 50 1 4 0
2 Jani Hakanpaa Radko Gudas 50 2 3 0
Penalty Kill - 3 Players Forward
Forward Time % Phy DF OF
1 Jakob Silfverberg 50 1 4 0
2 James van Riemsdyk 50 1 4 0
Penalty Kill - 3 Players Defense
Defense Defense Time % Phy DF OF
1 Jared Spurgeon Brayden McNabb 50 1 4 0
2 Jani Hakanpaa Radko Gudas 50 1 4 0
4 vs 4 Forward
Center Wing Time % Phy DF OF
1 Charlie Coyle Mats Zuccarello 50 1 2 2
2 Tyler Seguin Erik Haula 50 1 2 2
4 vs 4 Defense
Defense Defense Time % Phy DF OF
1 Jared Spurgeon Brayden McNabb 50 1 2 2
2 Jani Hakanpaa Radko Gudas 50 1 2 2
Last Minutes Offensive
Center Left Wing Right Wing Defense Defense
Charlie Coyle Mats Zuccarello Tyler Seguin Jared Spurgeon Brayden McNabb
Last Minutes Defensive
Center Left Wing Right Wing Defense Defense
Charlie Coyle Mats Zuccarello Tyler Seguin Jared Spurgeon Brayden McNabb
Goaltenders
Starting : Carter Hart
Backup : Craig Anderson
Extra Forwards
Normal : Charlie Coyle, James van Riemsdyk, Jakob Silfverberg - PP : Mats Zuccarello, James van Riemsdyk - PK : Jakob Silfverberg
Extra Defensemen
Normal : Anthony Deangelo, Matt Dumba, Jani Hakanpaa - PP : Anthony Deangelo - PK : Matt Dumba, Jani Hakanpaa
Penalty Shots
Charlie Coyle, Mats Zuccarello, Tyler Seguin, Erik Haula, Mason McTavish
Detroit Red Wings
5 vs 5 Forward
Center Left Wing Right Wing Time % Phy DF OF
1 Steven Stamkos Jared McCann Patrick Kane 35 0 1 4
2 Mika Zibanejad Carter Verhaeghe Matthew Boldy 30 1 2 2
3 Anthony Cirelli Jonathan Huberdeau Daniel Sprong 25 1 2 2
4 Josh Bailey Alexander Barabanov Arthur Kaliyev 10 1 2 2
5 vs 5 Defense
Defense Defense Time % Phy DF OF
1 Kevin Shattenkirk MacKenzie Weegar 40 1 2 2
2 Jordie Benn Shayne Gostisbehere 30 1 2 2
3 Zach Bogosian Philippe Myers 20 3 1 1
4 Kevin Shattenkirk MacKenzie Weegar 10 1 2 2
PowerPlay Forward
Center Left Wing Right Wing Time % Phy DF OF
1 Steven Stamkos Arthur Kaliyev Patrick Kane 50 0 1 4
2 Mika Zibanejad Carter Verhaeghe Matthew Boldy 50 0 1 4
PowerPlay Defense
Defense Defense Time % Phy DF OF
1 Kevin Shattenkirk MacKenzie Weegar 50 1 2 2
2 Shayne Gostisbehere Daniel Sprong 50 1 2 2
Penalty Kill 4 Players Forward
Center Wing Time % Phy DF OF
1 Anthony Cirelli Jared McCann 50 2 2 1
2 Mika Zibanejad Josh Bailey 50 2 2 1
Penalty Kill 4 Players Defense
Defense Defense Time % Phy DF OF
1 Jordie Benn MacKenzie Weegar 50 2 2 1
2 Kevin Shattenkirk Shayne Gostisbehere 50 2 2 1
Penalty Kill - 3 Players Forward
Forward Time % Phy DF OF
1 Mika Zibanejad 50 1 2 2
2 Anthony Cirelli 50 1 2 2
Penalty Kill - 3 Players Defense
Defense Defense Time % Phy DF OF
1 Jordie Benn MacKenzie Weegar 50 1 2 2
2 Kevin Shattenkirk Shayne Gostisbehere 50 2 2 1
4 vs 4 Forward
Center Wing Time % Phy DF OF
1 Mika Zibanejad Carter Verhaeghe 60 1 2 2
2 Steven Stamkos Matthew Boldy 40 1 1 3
4 vs 4 Defense
Defense Defense Time % Phy DF OF
1 Kevin Shattenkirk MacKenzie Weegar 60 1 2 2
2 Jordie Benn Shayne Gostisbehere 40 1 2 2
Last Minutes Offensive
Center Left Wing Right Wing Defense Defense
Mika Zibanejad Carter Verhaeghe Matthew Boldy Kevin Shattenkirk MacKenzie Weegar
Last Minutes Defensive
Center Left Wing Right Wing Defense Defense
Mika Zibanejad Carter Verhaeghe Matthew Boldy Kevin Shattenkirk MacKenzie Weegar
Goaltenders
Starting : Vitek Vanecek
Backup : Laurent Brossoit
Extra Forwards
Normal : Josh Bailey, Daniel Sprong, Arthur Kaliyev - PP : Josh Bailey, Arthur Kaliyev - PK : Jared McCann
Extra Defensemen
Normal : Philippe Myers, Jordie Benn, Shayne Gostisbehere - PP : Kevin Shattenkirk - PK : Philippe Myers, MacKenzie Weegar
Penalty Shots
Mika Zibanejad, Steven Stamkos, Matthew Boldy, Carter Verhaeghe, Jared McCann
% Time on Ice - Arizona Coyotes
Lines # - Real PCT - Wanted PCT - Time Play
Normal Forward
1 - 36% - 35% - 17:52
2 - 29% - 32% - 14:24
3 - 22% - 23% - 11:08
4 - 13% - 10% - 6:25
Normal Defense
1 - 37% - 35% - 18:18
2 - 32% - 30% - 15:58
3 - 26% - 25% - 12:49
4 - 5% - 10% - 2:44
PP Forward
1 - 52% - 50% - 3:05
2 - 48% - 50% - 2:52
PP Defense
1 - 53% - 50% - 3:08
2 - 47% - 50% - 2:49
PK Forward
1 - 48% - 50% - 2:03
2 - 52% - 50% - 2:11
PK Defense
1 - 52% - 50% - 2:13
2 - 48% - 50% - 2:01
PK3 Forward
1 - 0% - 50%
2 - 0% - 50%
PK3 Defense
1 - 0% - 50%
2 - 0% - 50%
44 Forward
1 - 45% - 50% - 2:15
2 - 55% - 50% - 2:45
44 Defense
1 - 42% - 50% - 2:07
2 - 58% - 50% - 2:53
Last Minute Offensive - 0:00
Last Minute Defensive - 0:00
Total
Forward - 65:00
Defense - 65:00
|
% Time on Ice - Detroit Red Wings
Lines # - Real PCT - Wanted PCT - Time Play
Normal Forward
1 - 36% - 35% - 17:44
2 - 29% - 30% - 14:41
3 - 25% - 25% - 12:16
4 - 10% - 10% - 5:08
Normal Defense
1 - 42% - 40% - 21:08
2 - 30% - 30% - 14:59
3 - 22% - 20% - 11:10
4 - 5% - 10% - 2:32
PP Forward
1 - 47% - 50% - 1:59
2 - 53% - 50% - 2:15
PP Defense
1 - 46% - 50% - 1:58
2 - 54% - 50% - 2:16
PK Forward
1 - 50% - 50% - 2:57
2 - 50% - 50% - 3:00
PK Defense
1 - 48% - 50% - 2:50
2 - 52% - 50% - 3:07
PK3 Forward
1 - 0% - 50%
2 - 0% - 50%
PK3 Defense
1 - 0% - 50%
2 - 0% - 50%
44 Forward
1 - 74% - 60% - 3:41
2 - 26% - 40% - 1:19
44 Defense
1 - 59% - 60% - 2:58
2 - 41% - 40% - 2:02
Last Minute Offensive - 0:00
Last Minute Defensive - 0:00
Total
Forward - 65:00
Defense - 65:00
|
Play-by-Play
1st period
0:01 of 1st period - Charlie Coyle wins face-off versus Patrick Kane in neutral zone.
0:12 of 1st period - Slapshot by Mats Zuccarello.
0:12 of 1st period - Stopped by Vitek Vanecek without a rebound.
0:13 of 1st period - Claude Giroux wins face-off versus Matthew Boldy in Detroit Red Wings zone.
0:28 of 1st period - Slapshot by Carter Verhaeghe.
0:28 of 1st period - Stopped by Carter Hart without a rebound.
0:29 of 1st period - Erik Haula wins face-off versus Anthony Cirelli in Arizona Coyotes zone.
1:16 of 1st period - Slapshot by Claude Giroux.
1:16 of 1st period - Shot Misses the Net.
1:18 of 1st period - Slapshot by Anthony Deangelo.
1:18 of 1st period - Deflect By Mason McTavish.
1:18 of 1st period - Stopped by Vitek Vanecek with a rebound.
1:22 of 1st period - Wrist shot by Mason McTavish.
1:22 of 1st period - Shot Misses the Net.
1:24 of 1st period - Slapshot by Anthony Deangelo.
1:24 of 1st period - Stopped by Vitek Vanecek with a rebound.
2:11 of 1st period - Off-side.
2:12 of 1st period - Steven Stamkos wins face-off versus Charlie Coyle in neutral zone.
2:19 of 1st period - Snap shot by Steven Stamkos.
2:19 of 1st period - Stopped by Carter Hart without a rebound.
2:20 of 1st period - Steven Stamkos wins face-off versus Charlie Coyle in Arizona Coyotes zone.
2:43 of 1st period - Wrist shot by Steven Stamkos.
2:43 of 1st period - Stopped by Carter Hart with a rebound.
2:45 of 1st period - Slapshot by Shayne Gostisbehere.
2:45 of 1st period - Stopped by Carter Hart without a rebound.
2:46 of 1st period - Mika Zibanejad wins face-off versus Claude Giroux in Arizona Coyotes zone.
2:47 of 1st period - Snap shot by Carter Verhaeghe.
2:47 of 1st period - Goal by Carter Verhaeghe - Arizona Coyotes : 0 - Detroit Red Wings : 1.
2:48 of 1st period - Mika Zibanejad wins face-off versus Claude Giroux in neutral zone.
3:02 of 1st period - Carter Verhaeghe is hit by Brayden McNabb and loses puck.
3:09 of 1st period - Jani Hakanpaa is hit by MacKenzie Weegar and loses puck.
3:32 of 1st period - Wrist shot by Mason McTavish.
3:32 of 1st period - Shot Blocked by Josh Bailey.
3:40 of 1st period - Snap shot by Mason McTavish.
3:40 of 1st period - Stopped by Vitek Vanecek without a rebound.
3:41 of 1st period - Erik Haula wins face-off versus Anthony Cirelli in Detroit Red Wings zone.
3:42 of 1st period - Snap shot by James van Riemsdyk.
3:42 of 1st period - Deflect By Erik Haula.
3:42 of 1st period - Goal by Erik Haula - Arizona Coyotes : 1 - Detroit Red Wings : 1.
3:43 of 1st period - Erik Haula wins face-off versus Anthony Cirelli in neutral zone.
3:56 of 1st period - Wrist shot by Daniel Sprong.
3:56 of 1st period - Stopped by Carter Hart without a rebound.
3:57 of 1st period - Steven Stamkos wins face-off versus Charlie Coyle in Arizona Coyotes zone.
3:58 of 1st period - Wrist shot by Patrick Kane.
3:58 of 1st period - Stopped by Carter Hart without a rebound.
3:59 of 1st period - Charlie Coyle wins face-off versus Steven Stamkos in Arizona Coyotes zone.
4:12 of 1st period - MacKenzie Weegar is hit by Jani Hakanpaa and loses puck.
4:29 of 1st period - Wrist shot by Charlie Coyle.
4:29 of 1st period - Shot Misses the Net.
4:31 of 1st period - Slapshot by Mats Zuccarello.
4:31 of 1st period - Deflect By Charlie Coyle.
4:31 of 1st period - Goal by Charlie Coyle - Arizona Coyotes : 2 - Detroit Red Wings : 1.
4:32 of 1st period - Mika Zibanejad wins face-off versus Erik Haula in neutral zone.
4:43 of 1st period - Snap shot by Carter Verhaeghe.
4:43 of 1st period - Goal by Carter Verhaeghe - Arizona Coyotes : 2 - Detroit Red Wings : 2.
4:44 of 1st period - Steven Stamkos wins face-off versus Erik Haula in neutral zone.
5:23 of 1st period - Wrist shot by Mats Zuccarello.
5:23 of 1st period - Stopped by Vitek Vanecek without a rebound.
5:24 of 1st period - Claude Giroux wins face-off versus Anthony Cirelli in Detroit Red Wings zone.
5:25 of 1st period - Wrist shot by Mason McTavish.
5:25 of 1st period - Shot Misses the Net.
5:39 of 1st period - Wrist shot by Jonathan Huberdeau.
5:39 of 1st period - Shot Misses the Net.
5:49 of 1st period - Mason McTavish is hit by Mika Zibanejad and loses puck.
5:56 of 1st period - Wrist shot by Carter Verhaeghe.
5:56 of 1st period - Stopped by Carter Hart with a rebound.
6:06 of 1st period - Snap shot by Mason McTavish.
6:06 of 1st period - Shot Blocked by Jordie Benn.
6:08 of 1st period - Slapshot by Ondrej Palat.
6:08 of 1st period - Goal by Ondrej Palat - Arizona Coyotes : 3 - Detroit Red Wings : 2.
6:09 of 1st period - Charlie Coyle wins face-off versus Steven Stamkos in neutral zone.
6:43 of 1st period - Snap shot by Arthur Kaliyev.
6:43 of 1st period - Shot Misses the Net.
8:44 of 1st period - Wrist shot by Daniel Sprong.
8:44 of 1st period - Shot Misses the Net.
8:54 of 1st period - Slapshot by Mason McTavish.
8:54 of 1st period - Shot Misses the Net.
9:33 of 1st period - Slapshot by Jonathan Huberdeau.
9:33 of 1st period - Shot Misses the Net.
9:35 of 1st period - Slapshot by Zach Bogosian.
9:35 of 1st period - Shot Misses the Net.
9:39 of 1st period - Snap shot by Anthony Cirelli.
9:39 of 1st period - Shot Misses the Net.
10:11 of 1st period - Snap shot by Brandon Tanev.
10:11 of 1st period - Stopped by Vitek Vanecek with a rebound.
10:13 of 1st period - Snap shot by Brock McGinn.
10:13 of 1st period - Stopped by Vitek Vanecek without a rebound.
10:14 of 1st period - Steven Stamkos wins face-off versus Brandon Tanev in Detroit Red Wings zone.
10:21 of 1st period - Snap shot by Patrick Kane.
10:21 of 1st period - Deflect By Steven Stamkos.
10:21 of 1st period - Stopped by Carter Hart with a rebound.
10:23 of 1st period - Wrist shot by Jordie Benn.
10:23 of 1st period - Stopped by Carter Hart with a rebound.
10:25 of 1st period - Slapshot by Shayne Gostisbehere.
10:25 of 1st period - Shot Blocked by Brandon Tanev.
10:27 of 1st period - Snap shot by Jared McCann.
10:27 of 1st period - Shot Misses the Net.
10:41 of 1st period - Brock McGinn is hit by Jordie Benn and loses puck.
10:54 of 1st period - Ross Colton is hit by Jonathan Huberdeau.
11:03 of 1st period - Anthony Cirelli is hit by Brandon Tanev and loses puck.
11:54 of 1st period - Backhand shot by Daniel Sprong.
11:54 of 1st period - Stopped by Carter Hart without a rebound.
11:55 of 1st period - Charlie Coyle wins face-off versus Mika Zibanejad in Arizona Coyotes zone.
12:11 of 1st period - Slapshot by Tyler Seguin.
12:11 of 1st period - Shot Misses the Net.
12:24 of 1st period - Off-side.
12:25 of 1st period - Erik Haula wins face-off versus Steven Stamkos in neutral zone.
12:30 of 1st period - Wrist shot by James van Riemsdyk.
12:30 of 1st period - Shot Blocked by Zach Bogosian.
12:32 of 1st period - Wrist shot by Jakob Silfverberg.
12:32 of 1st period - Stopped by Vitek Vanecek without a rebound.
12:33 of 1st period - Steven Stamkos wins face-off versus Charlie Coyle in Detroit Red Wings zone.
12:33 of 1st period - Steven Stamkos is hit by Mats Zuccarello.
13:01 of 1st period - Wrist shot by Carter Verhaeghe.
13:01 of 1st period - Stopped by Carter Hart without a rebound.
13:02 of 1st period - Erik Haula wins face-off versus Mika Zibanejad in Arizona Coyotes zone.
13:02 of 1st period - Erik Haula is hit by Zach Bogosian.
13:18 of 1st period - Snap shot by Mika Zibanejad.
13:18 of 1st period - Shot Blocked by James van Riemsdyk.
13:36 of 1st period - Snap shot by Jakob Silfverberg.
13:36 of 1st period - Stopped by Vitek Vanecek with a rebound.
13:46 of 1st period - Snap shot by Erik Haula.
13:46 of 1st period - Deflect By Daniel Sprong.
13:46 of 1st period - Shot Blocked by Anthony Cirelli.
13:46 of 1st period - Puck is out of play.
13:47 of 1st period - Steven Stamkos wins face-off versus Mats Zuccarello in Detroit Red Wings zone.
13:54 of 1st period - Snap shot by Patrick Kane.
13:54 of 1st period - Stopped by Carter Hart with a rebound.
14:04 of 1st period - Steven Stamkos is hit by Mats Zuccarello and loses puck.
14:17 of 1st period - Wrist shot by Carter Verhaeghe.
14:17 of 1st period - Shot Misses the Net.
15:03 of 1st period - Kevin Shattenkirk is hit by Anthony Deangelo and loses puck.
15:19 of 1st period - Daniel Sprong is hit by Matt Dumba and loses puck.
15:38 of 1st period - Snap shot by Claude Giroux.
15:38 of 1st period - Shot Misses the Net.
15:40 of 1st period - Slapshot by Brayden McNabb.
15:40 of 1st period - Shot Misses the Net.
16:43 of 1st period - Wrist shot by Daniel Sprong.
16:43 of 1st period - Shot Blocked by Jani Hakanpaa.
16:45 of 1st period - Snap shot by Shayne Gostisbehere.
16:45 of 1st period - Deflect By Jonathan Huberdeau.
16:45 of 1st period - Stopped by Carter Hart without a rebound.
16:46 of 1st period - Erik Haula wins face-off versus Steven Stamkos in Arizona Coyotes zone.
17:15 of 1st period - Backhand shot by Mika Zibanejad.
17:15 of 1st period - Shot Blocked by Brayden McNabb.
17:38 of 1st period - Mika Zibanejad is hit by Ross Colton and loses puck.
17:50 of 1st period - Off-side.
17:51 of 1st period - Steven Stamkos wins face-off versus Charlie Coyle in neutral zone.
18:55 of 1st period - Jared Spurgeon is hit by Philippe Myers.
19:01 of 1st period - Snap shot by Ross Colton.
19:01 of 1st period - Shot Blocked by Matthew Boldy.
19:03 of 1st period - Snap shot by Brandon Tanev.
19:03 of 1st period - Stopped by Vitek Vanecek without a rebound.
19:04 of 1st period - Steven Stamkos wins face-off versus Charlie Coyle in Detroit Red Wings zone.
19:11 of 1st period - Charlie Coyle is hit by Jared McCann and loses puck.
19:17 of 1st period - Icing by Tyler Seguin.
19:18 of 1st period - Mika Zibanejad wins face-off versus Charlie Coyle in Arizona Coyotes zone.
19:45 of 1st period - Mats Zuccarello is hit by Steven Stamkos and loses puck.
19:56 of 1st period - Wrist shot by Mats Zuccarello.
19:56 of 1st period - Stopped by Vitek Vanecek without a rebound.
19:57 of 1st period - Claude Giroux wins face-off versus Mika Zibanejad in Detroit Red Wings zone.
Goals for this period are 3 for Arizona Coyotes vs 2 for Detroit Red Wings.
Shots for this period are 14 for Arizona Coyotes vs 15 for Detroit Red Wings.
2nd period
0:01 of 2nd period - Steven Stamkos wins face-off versus Claude Giroux in neutral zone.
0:33 of 2nd period - Wrist shot by Mika Zibanejad.
0:33 of 2nd period - Stopped by Carter Hart with a rebound.
0:47 of 2nd period - Slapshot by Erik Haula.
0:47 of 2nd period - Stopped by Vitek Vanecek without a rebound.
0:48 of 2nd period - Erik Haula wins face-off versus Josh Bailey in Detroit Red Wings zone.
0:57 of 2nd period - Snap shot by James van Riemsdyk.
0:57 of 2nd period - Stopped by Vitek Vanecek without a rebound.
0:58 of 2nd period - Claude Giroux wins face-off versus Steven Stamkos in Detroit Red Wings zone.
1:01 of 2nd period - Snap shot by Mason McTavish.
1:01 of 2nd period - Stopped by Vitek Vanecek without a rebound.
1:02 of 2nd period - Claude Giroux wins face-off versus Steven Stamkos in Detroit Red Wings zone.
1:33 of 2nd period - Slapshot by Charlie Coyle.
1:33 of 2nd period - Stopped by Vitek Vanecek with a rebound.
1:35 of 2nd period - Snap shot by Charlie Coyle.
1:35 of 2nd period - Arizona Coyotes goal is going for a video replay.
1:35 of 2nd period - The goal is refused. The puck has been directed, batted or thrown into the net by an attacking player other than with a stick..
1:36 of 2nd period - Claude Giroux wins face-off versus Carter Verhaeghe in Detroit Red Wings zone.
2:02 of 2nd period - Shayne Gostisbehere is hit by Radko Gudas.
2:24 of 2nd period - Slapshot by Daniel Sprong.
2:24 of 2nd period - Stopped by Carter Hart without a rebound.
2:25 of 2nd period - Erik Haula wins face-off versus Anthony Cirelli in Arizona Coyotes zone.
2:53 of 2nd period - Off-side.
2:54 of 2nd period - Charlie Coyle wins face-off versus Steven Stamkos in neutral zone.
3:38 of 2nd period - Minor Penalty to Shayne Gostisbehere for Hooking.
3:39 of 2nd period - Mika Zibanejad wins face-off versus Ondrej Palat in Detroit Red Wings zone.
4:05 of 2nd period - Josh Bailey is hit by Brayden McNabb and loses puck.
4:39 of 2nd period - Mason McTavish is hit by Kevin Shattenkirk and loses puck.
5:21 of 2nd period - Brayden McNabb is hit by Jordie Benn.
5:33 of 2nd period - Daniel Sprong is hit by Claude Giroux and loses puck.
5:38 of 2nd period - Penalty to Shayne Gostisbehere is over, Shayne Gostisbehere is back on ice.
5:55 of 2nd period - Snap shot by Patrick Kane.
5:55 of 2nd period - Stopped by Carter Hart without a rebound.
5:56 of 2nd period - Steven Stamkos wins face-off versus Ross Colton in Arizona Coyotes zone.
6:23 of 2nd period - Snap shot by Jonathan Huberdeau.
6:23 of 2nd period - Stopped by Carter Hart without a rebound.
6:24 of 2nd period - Claude Giroux wins face-off versus Mika Zibanejad in Arizona Coyotes zone.
7:09 of 2nd period - Off-side.
7:10 of 2nd period - Erik Haula wins face-off versus Josh Bailey in neutral zone.
7:17 of 2nd period - Slapshot by Erik Haula.
7:17 of 2nd period - Stopped by Vitek Vanecek with a rebound.
7:19 of 2nd period - Snap shot by Erik Haula.
7:19 of 2nd period - Shot Misses the Net.
7:21 of 2nd period - Wrist shot by Erik Haula.
7:21 of 2nd period - Shot Hit the Post.
7:23 of 2nd period - Slapshot by Brayden McNabb.
7:23 of 2nd period - Stopped by Vitek Vanecek without a rebound.
7:24 of 2nd period - Claude Giroux wins face-off versus Steven Stamkos in Detroit Red Wings zone.
8:15 of 2nd period - Minor Penalty to Jani Hakanpaa for Hooking.
8:16 of 2nd period - Charlie Coyle wins face-off versus Mika Zibanejad in Arizona Coyotes zone.
8:25 of 2nd period - Radko Gudas is hit by Kevin Shattenkirk.
8:31 of 2nd period - Snap shot by Carter Verhaeghe.
8:31 of 2nd period - Goal by Carter Verhaeghe - Arizona Coyotes : 3 - Detroit Red Wings : 3.
8:32 of 2nd period - Claude Giroux wins face-off versus Mika Zibanejad in neutral zone.
9:32 of 2nd period - Icing by Matt Dumba.
9:33 of 2nd period - Mika Zibanejad wins face-off versus Erik Haula in Arizona Coyotes zone.
9:36 of 2nd period - Wrist shot by Mika Zibanejad.
9:36 of 2nd period - Shot Misses the Net.
9:47 of 2nd period - Icing by MacKenzie Weegar.
9:48 of 2nd period - Claude Giroux wins face-off versus Mika Zibanejad in Detroit Red Wings zone.
10:40 of 2nd period - Daniel Sprong is hit by Jakob Silfverberg and loses puck.
10:59 of 2nd period - Minor Penalty to Jani Hakanpaa for Interference.
11:00 of 2nd period - Charlie Coyle wins face-off versus Steven Stamkos in Arizona Coyotes zone.
11:00 of 2nd period - Charlie Coyle is hit by Daniel Sprong.
11:10 of 2nd period - Slapshot by Shayne Gostisbehere.
11:10 of 2nd period - Shot Misses the Net.
11:12 of 2nd period - Backhand shot by Daniel Sprong.
11:12 of 2nd period - Stopped by Carter Hart with a rebound.
12:45 of 2nd period - Jared Spurgeon is hit by Carter Verhaeghe and loses puck.
12:59 of 2nd period - Penalty to Jani Hakanpaa is over, Jani Hakanpaa is back on ice.
13:27 of 2nd period - Minor Penalty to Philippe Myers for Roughing.
13:28 of 2nd period - Claude Giroux wins face-off versus Anthony Cirelli in Detroit Red Wings zone.
13:29 of 2nd period - Slapshot by Mason McTavish.
13:29 of 2nd period - Shot Blocked by Anthony Cirelli.
14:13 of 2nd period - Shayne Gostisbehere is hit by Tyler Seguin and loses puck.
14:21 of 2nd period - Icing by Charlie Coyle.
14:22 of 2nd period - Jared McCann wins face-off versus Charlie Coyle in Arizona Coyotes zone.
14:27 of 2nd period - Snap shot by Jared McCann.
14:27 of 2nd period - Stopped by Carter Hart without a rebound.
14:28 of 2nd period - Anthony Cirelli wins face-off versus Claude Giroux in Arizona Coyotes zone.
14:53 of 2nd period - Shayne Gostisbehere is hit by Radko Gudas and loses puck.
15:27 of 2nd period - Penalty to Philippe Myers is over, Philippe Myers is back on ice.
15:46 of 2nd period - Philippe Myers is hit by Ross Colton and loses puck.
15:53 of 2nd period - Wrist shot by Ross Colton.
15:53 of 2nd period - Shot Blocked by Philippe Myers.
15:55 of 2nd period - Wrist shot by Brock McGinn.
15:55 of 2nd period - Deflect By Jonathan Huberdeau.
15:55 of 2nd period - Shot Misses the Net.
15:55 of 2nd period - Puck is out of play.
15:56 of 2nd period - Claude Giroux wins face-off versus Mika Zibanejad in Detroit Red Wings zone.
16:34 of 2nd period - Wrist shot by Jared McCann.
16:34 of 2nd period - Stopped by Carter Hart with a rebound.
16:52 of 2nd period - Snap shot by Daniel Sprong.
16:52 of 2nd period - Stopped by Carter Hart with a rebound.
17:12 of 2nd period - Backhand shot by Erik Haula.
17:12 of 2nd period - Deflect By James van Riemsdyk.
17:12 of 2nd period - Shot Misses the Net.
17:12 of 2nd period - Puck is out of play.
17:13 of 2nd period - Steven Stamkos wins face-off versus Charlie Coyle in Detroit Red Wings zone.
17:39 of 2nd period - Jared Spurgeon is hit by Matthew Boldy and loses puck.
17:50 of 2nd period - Snap shot by Matthew Boldy.
17:50 of 2nd period - Deflect By Mika Zibanejad.
17:50 of 2nd period - Stopped by Carter Hart with a rebound.
17:52 of 2nd period - Slapshot by Mika Zibanejad.
17:52 of 2nd period - Stopped by Carter Hart with a rebound.
18:04 of 2nd period - Snap shot by Ross Colton.
18:04 of 2nd period - Stopped by Vitek Vanecek with a rebound.
18:07 of 2nd period - Icing by Kevin Shattenkirk.
18:08 of 2nd period - Charlie Coyle wins face-off versus Anthony Cirelli in Detroit Red Wings zone.
18:19 of 2nd period - Snap shot by Tyler Seguin.
18:19 of 2nd period - Goal by Tyler Seguin - Arizona Coyotes : 4 - Detroit Red Wings : 3.
18:20 of 2nd period - Claude Giroux wins face-off versus Steven Stamkos in neutral zone.
18:25 of 2nd period - Snap shot by Claude Giroux.
18:25 of 2nd period - Shot Blocked by MacKenzie Weegar.
18:27 of 2nd period - Slapshot by Jared Spurgeon.
18:27 of 2nd period - Stopped by Vitek Vanecek with a rebound.
18:29 of 2nd period - Slapshot by Brayden McNabb.
18:29 of 2nd period - Deflect By Mason McTavish.
18:29 of 2nd period - Stopped by Vitek Vanecek without a rebound.
18:30 of 2nd period - Steven Stamkos wins face-off versus Claude Giroux in Detroit Red Wings zone.
19:01 of 2nd period - Patrick Kane is hit by Jared Spurgeon and loses puck.
19:58 of 2nd period - Snap shot by Mason McTavish.
19:58 of 2nd period - Shot Misses the Net.
Goals for this period are 1 for Arizona Coyotes vs 1 for Detroit Red Wings.
Shots for this period are 11 for Arizona Coyotes vs 11 for Detroit Red Wings.
3rd period
0:01 of 3rd period - Mika Zibanejad wins face-off versus Charlie Coyle in neutral zone.
0:04 of 3rd period - Wrist shot by Mika Zibanejad.
0:04 of 3rd period - Stopped by Carter Hart without a rebound.
0:05 of 3rd period - Mika Zibanejad wins face-off versus Tyler Seguin in Arizona Coyotes zone.
0:48 of 3rd period - Wrist shot by Mika Zibanejad.
0:48 of 3rd period - Shot Misses the Net.
0:50 of 3rd period - Wrist shot by Kevin Shattenkirk.
0:50 of 3rd period - Stopped by Carter Hart with a rebound.
0:52 of 3rd period - Slapshot by Kevin Shattenkirk.
0:52 of 3rd period - Shot Blocked by Radko Gudas.
0:54 of 3rd period - Snap shot by Carter Verhaeghe.
0:54 of 3rd period - Stopped by Carter Hart with a rebound.
1:04 of 3rd period - Snap shot by Mika Zibanejad.
1:04 of 3rd period - Stopped by Carter Hart without a rebound.
1:05 of 3rd period - Steven Stamkos wins face-off versus Claude Giroux in Arizona Coyotes zone.
1:06 of 3rd period - Wrist shot by Patrick Kane.
1:06 of 3rd period - Shot Misses the Net.
1:16 of 3rd period - Snap shot by Mason McTavish.
1:16 of 3rd period - Shot Misses the Net.
1:18 of 3rd period - Snap shot by Brayden McNabb.
1:18 of 3rd period - Deflect By Mason McTavish.
1:18 of 3rd period - Goal by Mason McTavish - Arizona Coyotes : 5 - Detroit Red Wings : 3.
1:19 of 3rd period - Claude Giroux wins face-off versus Steven Stamkos in neutral zone.
1:22 of 3rd period - Kevin Shattenkirk is hit by Ondrej Palat and loses puck.
1:38 of 3rd period - Minor Penalty to Kevin Shattenkirk for High sticking.
1:39 of 3rd period - Anthony Cirelli wins face-off versus Tyler Seguin in Detroit Red Wings zone.
2:09 of 3rd period - Slapshot by Claude Giroux.
2:09 of 3rd period - Shot Blocked by Jordie Benn.
2:29 of 3rd period - Mika Zibanejad is hit by Tyler Seguin and loses puck.
3:38 of 3rd period - Penalty to Kevin Shattenkirk is over, Kevin Shattenkirk is back on ice.
3:39 of 3rd period - Icing by Daniel Sprong.
3:40 of 3rd period - Steven Stamkos wins face-off versus Claude Giroux in Detroit Red Wings zone.
4:07 of 3rd period - Erik Haula is hit by Anthony Cirelli and loses puck.
4:16 of 3rd period - Slapshot by Anthony Deangelo.
4:16 of 3rd period - Shot Misses the Net.
4:36 of 3rd period - Arthur Kaliyev is hit by Brandon Tanev and loses puck.
4:41 of 3rd period - Snap shot by Ross Colton.
4:41 of 3rd period - Stopped by Vitek Vanecek with a rebound.
4:45 of 3rd period - Wrist shot by Ross Colton.
4:45 of 3rd period - Stopped by Vitek Vanecek with a rebound.
4:47 of 3rd period - Slapshot by Radko Gudas.
4:47 of 3rd period - Deflect By Ross Colton.
4:47 of 3rd period - Shot Blocked by Alexander Barabanov.
4:47 of 3rd period - Puck is out of play.
4:48 of 3rd period - Mika Zibanejad wins face-off versus Charlie Coyle in Detroit Red Wings zone.
4:48 of 3rd period - Mika Zibanejad is hit by Mats Zuccarello.
4:56 of 3rd period - Snap shot by Mika Zibanejad.
4:56 of 3rd period - Stopped by Carter Hart without a rebound.
4:57 of 3rd period - Mika Zibanejad wins face-off versus Charlie Coyle in Arizona Coyotes zone.
5:14 of 3rd period - Slapshot by Matthew Boldy.
5:14 of 3rd period - Goal by Matthew Boldy - Arizona Coyotes : 5 - Detroit Red Wings : 4.
5:15 of 3rd period - Tyler Seguin wins face-off versus Mika Zibanejad in neutral zone.
5:46 of 3rd period - Off-side.
5:47 of 3rd period - Claude Giroux wins face-off versus Anthony Cirelli in neutral zone.
5:50 of 3rd period - Backhand shot by Ondrej Palat.
5:50 of 3rd period - Stopped by Vitek Vanecek with a rebound.
5:53 of 3rd period - Icing by MacKenzie Weegar.
5:54 of 3rd period - Anthony Cirelli wins face-off versus Claude Giroux in Detroit Red Wings zone.
5:54 of 3rd period - Anthony Cirelli is hit by Matt Dumba.
5:55 of 3rd period - Anthony Cirelli from Detroit Red Wings is injured at 5:55 of 3rd period (Bruised Left Leg).
5:56 of 3rd period - Charlie Coyle wins face-off versus Matthew Boldy in Detroit Red Wings zone.
6:18 of 3rd period - Minor Penalty to Anthony Deangelo for Kneeing.
6:19 of 3rd period - Steven Stamkos wins face-off versus Charlie Coyle in Arizona Coyotes zone.
8:17 of 3rd period - Daniel Sprong is hit by Jared Spurgeon and loses puck.
8:18 of 3rd period - Penalty to Anthony Deangelo is over, Anthony Deangelo is back on ice.
8:26 of 3rd period - Snap shot by Jakob Silfverberg.
8:26 of 3rd period - Shot Misses the Net.
8:46 of 3rd period - Philippe Myers is hit by Anthony Deangelo and loses puck.
9:05 of 3rd period - Jonathan Huberdeau is hit by Claude Giroux and loses puck.
9:34 of 3rd period - Kevin Shattenkirk is hit by James van Riemsdyk and loses puck.
9:49 of 3rd period - Slapshot by Anthony Deangelo.
9:49 of 3rd period - Stopped by Vitek Vanecek with a rebound.
10:02 of 3rd period - Off-side.
10:03 of 3rd period - Jared McCann wins face-off versus Ross Colton in neutral zone.
10:12 of 3rd period - Backhand shot by Jared Spurgeon.
10:12 of 3rd period - Deflect By Mats Zuccarello.
10:12 of 3rd period - Stopped by Vitek Vanecek with a rebound.
10:14 of 3rd period - Slapshot by Brayden McNabb.
10:14 of 3rd period - Stopped by Vitek Vanecek without a rebound.
10:15 of 3rd period - Steven Stamkos wins face-off versus Charlie Coyle in Detroit Red Wings zone.
10:36 of 3rd period - Snap shot by Jared Spurgeon.
10:36 of 3rd period - Deflect By Mason McTavish.
10:36 of 3rd period - Shot Misses the Net.
10:36 of 3rd period - Puck is out of play.
10:37 of 3rd period - Mika Zibanejad wins face-off versus Claude Giroux in Detroit Red Wings zone.
11:02 of 3rd period - Mats Zuccarello is hit by Jared McCann.
11:08 of 3rd period - Icing by Patrick Kane.
11:09 of 3rd period - Steven Stamkos wins face-off versus Charlie Coyle in Detroit Red Wings zone.
11:09 of 3rd period - Steven Stamkos is hit by Jared Spurgeon.
11:26 of 3rd period - Wrist shot by Charlie Coyle.
11:26 of 3rd period - Stopped by Vitek Vanecek without a rebound.
11:27 of 3rd period - Josh Bailey wins face-off versus Claude Giroux in Detroit Red Wings zone.
12:17 of 3rd period - Slapshot by Radko Gudas.
12:17 of 3rd period - Deflect By James van Riemsdyk.
12:17 of 3rd period - Shot Blocked by Steven Stamkos.
12:17 of 3rd period - Puck is out of play.
12:18 of 3rd period - Steven Stamkos wins face-off versus Erik Haula in Detroit Red Wings zone.
12:23 of 3rd period - Jakob Silfverberg is hit by Jordie Benn and loses puck.
12:44 of 3rd period - Daniel Sprong is hit by Charlie Coyle and loses puck.
12:50 of 3rd period - Shayne Gostisbehere is hit by Brayden McNabb and loses puck.
12:53 of 3rd period - Wrist shot by Jonathan Huberdeau.
12:53 of 3rd period - Stopped by Carter Hart without a rebound.
12:54 of 3rd period - Charlie Coyle wins face-off versus Mika Zibanejad in Arizona Coyotes zone.
13:05 of 3rd period - Wrist shot by Tyler Seguin.
13:05 of 3rd period - Shot Misses the Net.
13:07 of 3rd period - Slapshot by Charlie Coyle.
13:07 of 3rd period - Stopped by Vitek Vanecek with a rebound.
13:09 of 3rd period - Slapshot by Radko Gudas.
13:09 of 3rd period - Shot Blocked by Zach Bogosian.
13:33 of 3rd period - Snap shot by Jakob Silfverberg.
13:33 of 3rd period - Shot Misses the Net.
14:09 of 3rd period - Wrist shot by Mason McTavish.
14:09 of 3rd period - Shot Misses the Net.
14:11 of 3rd period - Wrist shot by Mason McTavish.
14:11 of 3rd period - Shot Misses the Net.
14:27 of 3rd period - Kevin Shattenkirk is hit by James van Riemsdyk and loses puck.
14:32 of 3rd period - Snap shot by James van Riemsdyk.
14:32 of 3rd period - Shot Blocked by Josh Bailey.
14:34 of 3rd period - Wrist shot by Matt Dumba.
14:34 of 3rd period - Shot Misses the Net.
14:36 of 3rd period - Slapshot by Matt Dumba.
14:36 of 3rd period - Stopped by Vitek Vanecek without a rebound.
14:37 of 3rd period - Charlie Coyle wins face-off versus Steven Stamkos in Detroit Red Wings zone.
15:02 of 3rd period - Matt Dumba is hit by MacKenzie Weegar and loses puck.
15:07 of 3rd period - Snap shot by Alexander Barabanov.
15:07 of 3rd period - Shot Blocked by Mats Zuccarello.
15:09 of 3rd period - Wrist shot by Josh Bailey.
15:09 of 3rd period - Stopped by Carter Hart with a rebound.
15:11 of 3rd period - Slapshot by Josh Bailey.
15:11 of 3rd period - Goal by Josh Bailey - Arizona Coyotes : 5 - Detroit Red Wings : 5.
15:12 of 3rd period - Erik Haula wins face-off versus Josh Bailey in neutral zone.
15:59 of 3rd period - Tyler Seguin is hit by Carter Verhaeghe and loses puck.
16:08 of 3rd period - Icing by Matthew Boldy.
16:09 of 3rd period - Mika Zibanejad wins face-off versus Jakob Silfverberg in Detroit Red Wings zone.
16:24 of 3rd period - Off-side.
16:25 of 3rd period - Claude Giroux wins face-off versus Josh Bailey in neutral zone.
16:57 of 3rd period - Tyler Seguin is hit by Daniel Sprong and loses puck.
17:28 of 3rd period - Snap shot by Tyler Seguin.
17:28 of 3rd period - Stopped by Vitek Vanecek with a rebound.
17:30 of 3rd period - Slapshot by Radko Gudas.
17:30 of 3rd period - Shot Blocked by Daniel Sprong.
17:32 of 3rd period - Snap shot by Charlie Coyle.
17:32 of 3rd period - Shot Blocked by Zach Bogosian.
17:34 of 3rd period - Slapshot by Jani Hakanpaa.
17:34 of 3rd period - Deflect By Mats Zuccarello.
17:34 of 3rd period - Stopped by Vitek Vanecek with a rebound.
17:54 of 3rd period - Wrist shot by Charlie Coyle.
17:54 of 3rd period - Stopped by Vitek Vanecek without a rebound.
17:55 of 3rd period - Erik Haula wins face-off versus Steven Stamkos in Detroit Red Wings zone.
19:09 of 3rd period - Icing by Patrick Kane.
19:10 of 3rd period - Charlie Coyle wins face-off versus Steven Stamkos in Detroit Red Wings zone.
19:39 of 3rd period - Snap shot by Mats Zuccarello.
19:39 of 3rd period - Stopped by Vitek Vanecek with a rebound.
19:41 of 3rd period - Slapshot by James van Riemsdyk.
19:41 of 3rd period - Shot Blocked by Arthur Kaliyev.
19:43 of 3rd period - Slapshot by Jared Spurgeon.
19:43 of 3rd period - Shot Misses the Net.
19:45 of 3rd period - Slapshot by James van Riemsdyk.
19:45 of 3rd period - Stopped by Vitek Vanecek without a rebound.
19:46 of 3rd period - Arthur Kaliyev wins face-off versus James van Riemsdyk in Detroit Red Wings zone.
19:51 of 3rd period - Wrist shot by James van Riemsdyk.
19:51 of 3rd period - Deflect By Jakob Silfverberg.
19:51 of 3rd period - Shot Misses the Net.
19:51 of 3rd period - Puck is out of play.
19:52 of 3rd period - Josh Bailey wins face-off versus Erik Haula in Detroit Red Wings zone.
Goals for this period are 1 for Arizona Coyotes vs 2 for Detroit Red Wings.
Shots for this period are 15 for Arizona Coyotes vs 9 for Detroit Red Wings.
Overtime #1
0:01 of 1st overtime period - Mika Zibanejad wins face-off versus Mats Zuccarello in neutral zone.
0:10 of 1st overtime period - Wrist shot by Mats Zuccarello.
0:10 of 1st overtime period - Stopped by Vitek Vanecek without a rebound.
0:11 of 1st overtime period - Tyler Seguin wins face-off versus Mika Zibanejad in Detroit Red Wings zone.
0:24 of 1st overtime period - Snap shot by Tyler Seguin.
0:24 of 1st overtime period - Shot Misses the Net.
1:53 of 1st overtime period - MacKenzie Weegar is hit by Charlie Coyle and loses puck.
2:36 of 1st overtime period - Mats Zuccarello is hit by Carter Verhaeghe and loses puck.
3:09 of 1st overtime period - MacKenzie Weegar is hit by James van Riemsdyk and loses puck.
Goals for this period are 0 for Arizona Coyotes vs 0 for Detroit Red Wings.
Shots for this period are 1 for Arizona Coyotes vs 0 for Detroit Red Wings.
ShootOut
5:00 of 1st overtime period - Round #1.
5:00 of 1st overtime period - Arizona Coyotes, Charlie Coyle.
5:00 of 1st overtime period - Snap shot by Charlie Coyle.
5:00 of 1st overtime period - Goal by Charlie Coyle.
5:00 of 1st overtime period - Detroit Red Wings, Mika Zibanejad.
5:00 of 1st overtime period - Deke by Mika Zibanejad.
5:00 of 1st overtime period - Goal by Mika Zibanejad.
5:00 of 1st overtime period - Round #2.
5:00 of 1st overtime period - Arizona Coyotes, Mats Zuccarello.
5:00 of 1st overtime period - Wrist shot by Mats Zuccarello.
5:00 of 1st overtime period - Goal by Mats Zuccarello.
5:00 of 1st overtime period - Detroit Red Wings, Steven Stamkos.
5:00 of 1st overtime period - Backhand shot by Steven Stamkos.
5:00 of 1st overtime period - Stopped by Carter Hart.
5:00 of 1st overtime period - Round #3.
5:00 of 1st overtime period - Arizona Coyotes, Tyler Seguin.
5:00 of 1st overtime period - Backhand shot by Tyler Seguin.
5:00 of 1st overtime period - Goal by Tyler Seguin.
Back to the Top